 Dungeon Crawl Stone Soup version 0.19.0-2-gae57169 (webtiles) character file.

854 varam the Cleaver (level 8, 0/70 HPs)
             Began as a Hill Orc Fighter on Nov 4, 2016.
             Slain by a centaur (7 damage)
             ... on level 5 of the Dungeon.
             The game lasted 00:13:11 (5869 turns).

varam the Cleaver (Hill Orc Fighter)                Turns: 5869, Time: 00:13:12

Health: 0/70       AC:  6    Str: 19    XL:     8   Next: 1%
Magic:  8/8        EV:  9    Int:  8    God:
Gold:   281        SH:  7    Dex: 12    Spells: 0 memorised, 7 levels left

rFire  . . .     SeeInvis .     a - +0 war axe
rCold  . . .     Gourm    +     b - +0 scale mail
rNeg   . . .     Faith    .     s - +2 buckler
rPois  +         Spirit   .     (no helmet)
rElec  .         Reflect  .     (no cloak)
rCorr  .         Harm     .     (no gloves)
MR     .....                    (no boots)
Stlth  ..........               o - amulet of the gourmand
                                (no ring)
                                u - ring of poison resistance

@: no status effects
A: no striking features
a: no special abilities


You were on level 5 of the Dungeon.
You were completely stuffed.

You visited 2 branches of the dungeon, and saw 6 of its levels.

You collected 281 gold pieces.

Inventory:

Hand Weapons
 a - a +0 war axe (weapon)
Missiles
 k - 13 javelins (quivered)
Armour
 b - a +0 scale mail (worn)
 c - a +0 shield
 s - a +2 buckler (worn)
Jewellery
 o - an amulet of the gourmand (around neck)
 u - a ring of poison resistance (left hand)
Wands
 w - a wand of slowing (25/48)
 D - a wand of enslavement (12/24)
Scrolls
 e - 3 scrolls of remove curse {unknown}
 j - 11 scrolls of identify {unknown}
 p - a scroll of amnesia {unknown}
 q - 2 scrolls of teleportation {unknown}
 z - a scroll of noise {unknown}
 C - a scroll of immolation {unknown}
Potions
 d - a potion of might
 g - 3 potions of agility {unknown}
 i - 4 potions of curing {unknown}
 l - 2 potions of experience {unknown}
 m - a potion of flight {unknown}
 n - 4 potions of degeneration {unknown}
 v - a potion of ambrosia {unknown}
 x - a potion of haste {unknown}
 A - a potion of mutation {unknown}
 B - a potion of berserk rage {unknown}
Books
 y - a book of Cantrips

   Spells                             Type                      Level
   a - Confusing Touch                Hexes                        1
   b - Animate Skeleton               Necromancy                   1
   c - Summon Small Mammal            Summoning                    1
   d - Apportation                    Translocation                1
Comestibles
 f - 4 bread rations
 h - 3 fruits
 r - a beef jerky
 t - a royal jelly


   Skills:
 + Level 6.0 Fighting
 * Level 10.1 Axes
 - Level 3.2 Armour
 - Level 4.0 Shields


You had 7 spell levels left.
You didn't know any spells.

Dungeon Overview and Level Annotations

Branches:
Dungeon (5/15)             Temple (1/1) D:4

Altars:
Ashenzari
Dithmenos
Elyvilon
Fedhas
Hepliaklqana
Kikubaaqudgha
Nemelex Xobeh
Okawaru
Trog
Vehumet
Yredelemnul
Zin

Shops:
D:5 :

Annotations:
D:3 varam's ghost, amateur HOFi


Message History

The centaur is severely wounded.
The centaur closely misses you.
You completely miss the centaur.
The centaur is severely wounded.
The centaur misses you. The centaur barely misses you.
You closely miss the centaur.
The centaur is severely wounded.
The centaur closely misses you.
You hit the centaur.
The centaur is almost dead.
The centaur hits you.
* * * LOW HITPOINT WARNING * * *
The centaur closely misses you.
You barely miss the centaur.
The centaur is almost dead.
The centaur barely misses you.
You hit the centaur but do no damage.
The centaur is almost dead.
The centaur hits you!
You die...

.................>.......
#.........##..........#
#.........##..........#
#####.######..........#
#.......#..........#
#.......#..........#
#.......#...........
#.......#..........#
#..@(.[.#..........#
##c###### #######.## ..
#(# #.# .... #(# #.#
....#### #.# #.##
.......## #.# #...
.......# #.#
##############
#.....####.####.........#
#.(...))(...............#


You could see a centaur.

Vanquished Creatures
  A sky beast (D:4)
  2 scorpions
  A howler monkey (D:4)
  6 orc priests
  Jessica (D:3)
  A centaur skeleton (D:4)
  6 orc wizards
  A worker ant zombie (D:5)
  8 adders
  3 oozes
  A worm (D:2)
  3 dart slugs
  5 leopard geckos
  27 orcs
  10 bats
  4 giant cockroaches
  9 goblins
  4 hobgoblins
  12 jackals
  9 kobolds
  A ball python (D:3)
  2 frilled lizards
  9 rats
126 creatures vanquished.

Notes
Turn   | Place    | Note
-------+----------+-------------------------------------------
     0 | D:1      | varam the Hill Orc Fighter began the quest for the Orb.
     0 | D:1      | Reached XP level 1. HP: 19/19 MP: 1/1
    26 | D:1      | Reached skill level 3 in Axes
    44 | D:1      | Reached XP level 2. HP: 25/26 MP: 2/2
   133 | D:1      | Reached skill level 4 in Axes
   421 | D:1      | Reached XP level 3. HP: 29/31 MP: 3/3
   803 | D:2      | Reached skill level 5 in Axes
  1210 | D:2      | Reached XP level 4. HP: 39/39 MP: 4/4
  1876 | D:2      | Reached skill level 6 in Axes
  1937 | D:3      | Noticed Jessica
  2064 | D:3      | Killed Jessica
  2064 | D:3      | Reached XP level 5. HP: 45/45 MP: 5/5
  2167 | D:3      | Noticed varam's ghost (amateur HOFi)
  2729 | D:3      | Found a shattered altar of Ashenzari.
  3107 | D:3      | Reached skill level 7 in Axes
  3214 | D:3      | Reached skill level 4 in Shields
  3308 | D:3      | Found a radiant altar of Vehumet.
  3336 | D:3      | Found a bloodstained altar of Trog.
  3567 | D:4      | Reached XP level 6. HP: 37/52 MP: 6/6
  3734 | D:4      | Reached skill level 4 in Fighting
  3884 | D:4      | Noticed a sky beast
  3906 | D:4      | Killed a sky beast
  3906 | D:4      | Reached skill level 8 in Axes
  4403 | D:4      | Reached XP level 7. HP: 38/60 MP: 7/7
  4671 | D:4      | Reached skill level 5 in Fighting
  4750 | D:4      | Reached skill level 9 in Axes
  4926 | D:4      | Found a staircase to the Ecumenical Temple.
  4941 | Temple   | Entered the Ecumenical Temple
  5552 | D:5      | Entered Level 5 of the Dungeon
  5568 | D:5      | Found Riuched's Book Shop.
  5831 | D:5      | Reached skill level 10 in Axes
  5837 | D:5      | Reached skill level 6 in Fighting
  5837 | D:5      | Reached XP level 8. HP: 39/70 MP: 8/8
  5867 | D:5      | HP: 7/70 [centaur (6)]
  5869 | D:5      | Slain by a centaur

Skill      XL: |  1  2  3  4  5  6  7 |
---------------+----------------------+-----
Axes           | 3 4 5 6 7 8 10 | 10.1
Shields        | 4 |  4.0
Fighting       | 4 6 |  6.0
Armour         | |  3.2

Action                   |  1- 3 |  4- 6 |  7- 9 || total
-------------------------+-------+-------+-------++-------
Melee: War axe           |   104 |   233 |   125 ||   462
  Eat: Chunk             |     1 |    19 |     6 ||    26
Armor: Scale mail        |    49 |    91 |    21 ||   161
Dodge: Dodged            |    28 |    99 |    44 ||   171
Block: Shield            |    45 |       |       ||    45
       Buckler           |       |    73 |    39 ||   112
